AoeStats
← Gorlami

Fortress

508975183Analyzed
4v4 RM · 6d ago on Sep 24, 2026· 50m 47s· 8 players
Game mode
Random Map
Map size
Huge
Population
200
Speed
Normal
Resources
Standard
Victory
Conquest
Starting age
Dark Age
Ending age
Imperial Age
RankedLock teamsTeams togetherTeam positionsShared explorationLock speedFull tech treeHidden civsTurbo modeCheats
Victory
Defeat
🇦🇷 Bengalis · Argentina
1764
+12
🇦🇷 Slavs · Argentina
1718
+14
🇦🇷 Koreans · Argentina
1716
+14
🇦🇷 Celts · Argentina
1669
+16
🇹🇷 Malians · Türkiye
1774
-17
🇹🇷 Franks · Türkiye
1663
-14
🇹🇷 Italians · Türkiye
1646
-13
🇹🇷 Armenians · Türkiye
1611
-12
FNUL
9:19 Feudal Age
12:53 Castle Age
17:02 Imperial Age
15:05 Double-Bit Axe
15:01 Horse Collar
17:55 Bow Saw
19:03 Chemistry
18:23 Gold Mining
32:26 Wheelbarrow
32:12 Scale Mail Armor
37:09 Light Cavalry
38:00 Bloodlines
37:56 Scale Barding Armor
38:01 Forging
37:53 Farimba
37:32 Heavy Camel Rider
42:22 Chain Barding Armor
42:38 Iron Casting
Theos
7:29 Feudal Age
11:25 Castle Age
9:40 Double-Bit Axe
13:11 Bow Saw
17:52 Wheelbarrow
19:29 Gold Mining
20:04 Stone Mining
20:57 Hand Cart
20:39 Town Watch
24:12 Imperial Age
22:38 Scale Mail Armor
23:03 Loom
24:12 Chain Mail Armor
24:28 Squires
25:34 Plate Mail Armor
25:15 Forging
24:35 Elite Throwing Axeman
25:50 Chivalry
27:08 Plate Mail Armor
27:01 Conscription
26:27 Arson
29:08 Chemistry
30:03 Iron Casting
29:41 Fletching
30:04 Masonry
30:12 Masonry
31:03 Siege Engineers
31:56 Coinage
31:27 Bodkin Arrow
32:33 Blast Furnace
33:57 Scale Barding Armor
35:01 Hoardings
33:53 Ordonnance Companies
34:42 Cavalier
35:22 Husbandry
35:38 Treadmill Crane
36:29 Architecture
35:42 Paladin
37:32 Chain Barding Armor
36:52 Light Cavalry
38:52 Plate Barding Armor
39:51 Ballistics
40:34 Caravan
47:39 Pikeman
48:35 Halberdier
USTA
8:15 Feudal Age
9:29 Double-Bit Axe
9:40 Gold Mining
12:10 Castle Age
11:20 Horse Collar
15:49 Imperial Age
14:17 Bow Saw
14:53 Fletching
15:53 Bodkin Arrow
17:29 Chemistry
16:42 Bodkin Arrow
21:12 Bracer
22:45 Padded Archer Armor
24:15 Heavy Plow
24:50 Ballistics
28:10 Leather Archer Armor
27:56 Loom
28:49 Wheelbarrow
27:59 Loom
30:56 Two-Man Saw
35:10 Crop Rotation
37:58 Conscription
39:07 Hand Cart
39:37 Ring Archer Armor
39:42 Caravan
40:09 Silk Road
39:55 Elite Genoese Crossbowman
40:53 Elite Genoese Crossbowman
42:10 Hoardings
44:18 Light Cavalry
45:09 Bloodlines
44:59 Husbandry
45:06 Scale Barding Armor
45:11 Forging
47:29 Chain Barding Armor
47:44 Iron Casting
49:00 Plate Barding Armor
50:13 Blast Furnace
49:12 Hussar
51:00 Scale Mail Armor
Kuş Bilge
8:04 Feudal Age
9:30 Double-Bit Axe
10:09 Gold Mining
10:16 Fletching
12:53 Castle Age
11:16 Horse Collar
13:34 Bodkin Arrow
18:10 Padded Archer Armor
18:43 Ballistics
19:50 Bow Saw
22:29 Wheelbarrow
22:00 Heavy Plow
29:57 Imperial Age
28:20 Leather Archer Armor
29:14 Hand Cart
30:00 Pikeman
30:41 Squires
30:42 Scale Mail Armor
31:54 Conscription
31:20 Elite Composite Bowman
32:26 Stone Mining
32:58 Forging
32:51 Bracer
33:53 Chemistry
34:10 Halberdier
35:06 Chain Mail Armor
35:01 Forging
35:22 Ring Archer Armor
36:48 Plate Mail Armor
41:19 Iron Casting
40:07 Elite Skirmisher
46:00 Bloodlines
45:50 Husbandry
45:56 Scale Barding Armor
46:51 Blast Furnace
Lic. VELEZ Y VINO
8:10 Feudal Age
11:47 Castle Age
10:21 Double-Bit Axe
11:10 Horse Collar
12:53 Heavy Plow
18:13 Wheelbarrow
19:31 Scale Mail Armor
20:22 Gold Mining
20:24 Loom
21:21 Hand Cart
21:26 Stone Mining
22:07 Chain Mail Armor
26:38 Imperial Age
24:22 Stronghold
24:44 Forging
24:00 Pikeman
26:43 Onager
28:32 Plate Mail Armor
28:54 Gold Shaft Mining
28:54 Coinage
28:38 Siege Onager
29:44 Siege Engineers
31:55 Chemistry
31:12 Furor Celtica
31:36 Caravan
33:20 Iron Casting
33:07 Conscription
33:50 Elite Woad Raider
35:05 Hoardings
36:03 Banking
35:05 Capped Ram
37:23 Blast Furnace
36:36 Bow Saw
36:17 Fletching
36:54 Siege Ram
38:04 Halberdier
45:30 Masonry
45:41 Ballistics
45:17 Bodkin Arrow
RománMás3
7:36 Feudal Age
11:13 Castle Age
9:16 Double-Bit Axe
9:43 Horse Collar
12:07 Bow Saw
13:58 Loom
14:48 Wheelbarrow
16:23 Fletching
20:02 Bodkin Arrow
21:15 Gold Mining
21:16 Stone Mining
22:23 Masonry
22:34 Heavy Plow
23:57 Ballistics
29:50 Imperial Age
27:12 Crossbowman
27:57 Thumb Ring
31:42 Chemistry
31:30 Bracer
31:06 Elite Skirmisher
31:06 Arbalester
32:31 Conscription
32:29 Eupseong
32:56 Treadmill Crane
33:03 Arrowslits
33:48 Hand Cart
36:18 Siege Engineers
38:24 Caravan
41:08 Guilds
42:47 Two-Man Saw
47:37 Architecture
47:03 Murder Holes
Buchi
6:52 Feudal Age
10:52 Castle Age
9:01 Horse Collar
9:23 Double-Bit Axe
11:47 Bow Saw
14:35 Heavy Plow
18:16 Loom
20:19 Scale Barding Armor
21:58 Forging
24:36 Fletching
27:27 Bodkin Arrow
27:51 Detinets
30:10 Wheelbarrow
31:17 Masonry
33:53 Imperial Age
31:26 Gold Mining
31:27 Stone Mining
32:14 Hand Cart
33:25 Bloodlines
33:16 Husbandry
34:16 Chain Barding Armor
34:17 Elite Boyar
36:10 Plate Barding Armor
37:17 Iron Casting
38:39 Conscription
38:47 Caravan
39:59 Crop Rotation
40:30 Two-Man Saw
40:34 Blast Furnace
44:25 Hoardings
45:06 Capped Ram
47:34 Gold Shaft Mining
47:13 Siege Ram
51:30 Ballistics
52:10 Chemistry
Gorlami
7:34 Feudal Age
11:10 Castle Age
9:10 Horse Collar
9:30 Double-Bit Axe
12:46 Bow Saw
14:57 Wheelbarrow
15:46 Loom
17:11 Heavy Plow
19:53 Gold Mining
20:56 Scale Barding Armor
21:11 Bloodlines
21:16 Forging
21:07 Husbandry
24:14 Gold Shaft Mining
27:27 Imperial Age
25:29 Hand Cart
26:32 Iron Casting
26:18 Town Watch
27:28 Elite Battle Elephant
28:17 Scale Barding Armor
31:31 Chain Barding Armor
32:21 Caravan
33:15 Plate Barding Armor
33:51 Blast Furnace
34:56 Coinage
34:36 Guilds
36:42 Paiks
38:30 Light Cavalry
40:28 Siege Elephant
46:11 Conscription
Connection lost

Rejoining the realm…

Still unreachable

The connection could not be restored.

Session expired

The server has moved on; the page needs a fresh start.